 Dungeon Crawl Stone Soup version 0.22.1-2-g9c5b331383 (webtiles) character file.

1843 dggdrrd the Cutter (level 9, 0/57 HPs)
             Began as a Halfling Skald on Nov 17, 2018.
             Slain by an orc warrior
             ... wielding a +0 trident
              (8 damage)
             ... on level 6 of the Dungeon on Nov 18, 2018.
             The game lasted 00:56:27 (7072 turns).

dggdrrd the Cutter (Halfling Skald)                 Turns: 7072, Time: 00:56:29

Health: 0/57       AC: 15    Str: 13    XL:     9   Next: 33%
Magic:  4/15       EV: 15    Int: 13    God:
Gold:   328        SH:  0    Dex: 14    Spells: 11/16 levels left

rFire    . . .     SeeInvis .   a - +0 short sword
rCold    . . .     Gourm    .   (shield restricted)
rNeg     + . .     Faith    .   e - +0 ring mail
rPois    .         Spirit   .   k - +2 hat
rElec    .         Reflect  .   (no cloak)
rCorr    .         Harm     .   r - +1 pair of gloves
MR       .....                  (no boots)
Stlth    +.........             (no amulet)
HPRegen  0.19/turn              l - +5 ring of protection
MPRegen  0.14/turn              s - ring of positive energy

@: infused
A: small, mutation resistance 1
a: no special abilities


You were on level 6 of the Dungeon.
You were hungry.

You visited 1 branch of the dungeon, and saw 7 of its levels.

You collected 328 gold pieces.

Inventory:

Hand Weapons
 a - a +0 short sword (weapon)
 j - a +0 whip of venom
 u - a +0 shortbow
 A - a +1 whip of flaming
Missiles
 h - 9 tomahawks (quivered)
 v - 94 arrows
Armour
 b - a +0 leather armour
 e - a +0 ring mail (worn)
 k - a +2 hat (worn)
 r - a +1 pair of gloves (worn)
 B - a +0 robe
 E - a +0 ring mail
Jewellery
 l - a +5 ring of protection (left hand)
 s - a ring of positive energy (right hand)
Wands
 m - a wand of random effects (25)
 p - a wand of acid (15)
 q - a wand of enslavement (18)
 z - a wand of scattershot (4)
Scrolls
 i - 2 scrolls of remove curse
 w - 3 scrolls of fear {unknown}
 x - a scroll of enchant weapon {unknown}
 y - a scroll of amnesia
 C - a scroll of random uselessness {unknown}
Potions
 c - a potion of brilliance {unknown}
 f - a potion of resistance {unknown}
 g - 2 potions of curing
 o - 4 potions of flight
 t - 2 potions of haste {unknown}
Comestibles
 d - 5 rations
 n - 5 chunks of flesh


   Skills:
 + Level 3.2 Fighting
 + Level 6.4 Short Blades
 + Level 1.0 Bows
 + Level 1.2 Throwing
 + Level 3.8 Armour
 + Level 5.2 Dodging
 + Level 1.0 Stealth
 + Level 4.1 Spellcasting
 + Level 5.8 Charms
 + Level 3.6 Translocations
 + Level 0.9 Evocations


You had 11 spell levels left.
You knew the following spells:

 Your Spells              Type           Power        Failure   Level  Hunger
a - Infusion              Chrm           ###.         3%          1    None
b - Song of Slaying       Chrm           ###.....     6%          2    ##.....
c - Shroud of Golubria    Chrm/Tloc      ###.......   9%          2    ##.....

Your spell library contained the following spells:

 Spells                   Type           Power        Failure   Level  Hunger
 Regeneration             Chrm/Necr      ##........   36%         3    ###....
 Spectral Weapon          Hex/Chrm       ##......     36%         3    ###....
 Magic Dart               Conj           #...         38%         1    None
 Searing Ray              Conj           #.....       54%         2    ##.....
 Dazzling Spray           Conj/Hex       #.....       77%         3    ###....
 Force Lance              Conj/Tloc      #.......     89%         4    ####...
 Fulminant Prism          Conj/Hex       #.........   99%         4    ####...
 Iskenderun's Mystic Bla  Conj           #.......     99%         4    ####...


Dungeon Overview and Level Annotations

Branches:
Dungeon (7/15)
 Temple: D:4-7

Altars:
Dithmenos
Gozag
Xom

Shops:
D:2 *

Annotations:
D:3 Grinder


Innate Abilities, Weirdness & Mutations

You are small and have problems with some larger weapons.
You are somewhat resistant to further mutation.


Message History

The orc warrior is lightly wounded.
The orc warrior misses you.
You hit the orc warrior but do no damage.
The orc warrior is lightly wounded.
The orc warrior hits you with a trident!
Your shroud falls apart!
The orc warrior hits you from afar with a trident!
* * * LOW HITPOINT WARNING * * *
Evoke which item? (* to show all) (? for menu, Esc to quit)
Aiming: Corrosive Bolt
Press: ? - help, Shift-Dir - straight line, f/p - orc warrior
Aim: an orc warrior, wielding a trident and wearing a plate armour (lightly The bolt of acid hits the orc warrior.
The orc warrior appears unharmed.
The orc warrior is lightly wounded.
The bolt of acid hits the leopard gecko.
The leopard gecko is splashed with acid.
The acid corrodes the leopard gecko!
You kill the leopard gecko!
The orc warrior hits you from afar with a trident!
You die...

########### ###### # ##.....#...#
#....# # ##......#...# #..(.# #
#...#.......##########....#####
#..............................
#..##.#.....................###
###..#....#.##.....##########.# #
.....##...#.##.###.######...#.###
###>............@.o..............
# #........#...#.#####......#.###
# #......#.#.###.# #..(...#.... #
#.##.......###.# ####...##... #
#.#####.##.....# #...##...
###.#####.##.####### ######...
#.........##.......####### ##..
#.#....###########.#.....# #..
#.####.##................# #..


You could see an orc warrior.

Vanquished Creatures
  Pikel (D:5)
  Edmund (D:6)
  3 slaves (D:4)
  A sky beast (D:5)
  An ice beast (D:6)
  2 ogres
  A centaur (D:5)
  2 bullfrogs
  4 scorpions
  3 hounds
  2 bullfrog skeletons
  An iguana (D:6)
  Natasha (thrice) (D:3)
  2 worker ants (D:5)
  2 hound skeletons
  A worker ant zombie (D:5)
  5 adders
  A shadow imp (D:4)
  An ooze (D:2)
  2 adder skeletons
  3 worms
  3 dart slugs
  3 leopard geckos
  9 orcs
  6 bats
  5 giant cockroaches
  12 goblins
  8 hobgoblins
  5 jackals
  4 quokkas
  A frilled lizard (D:2)
  4 kobolds
  14 rats
116 creatures vanquished.

Vanquished Creatures (others)
  A jackal (D:4)
1 creature vanquished.

Grand Total: 117 creatures vanquished

Notes
Turn   | Place    | Note
-------+----------+-------------------------------------------
     0 | D:1      | dggdrrd the Halfling Skald began the quest for the Orb.
     0 | D:1      | Reached XP level 1. HP: 14/14 MP: 3/3
   257 | D:1      | Reached XP level 2. HP: 19/19 MP: 0/4
   647 | D:1      | Reached XP level 3. HP: 23/24 MP: 5/5
   693 | D:1      | Learned a level 2 spell: Song of Slaying
   877 | D:1      | Learned a level 2 spell: Song of Slaying
   880 | D:1      | Learned a level 2 spell: Shroud of Golubria
  1460 | D:2      | Reached XP level 4. HP: 25/29 MP: 3/6
  1619 | D:2      | Found Gozag's Platinum Reserve.
  1621 | D:2      | Found an opulent altar of Gozag.
  1658 | D:2      | Reached skill level 3 in Short Blades
  1658 | D:2      | Reached skill level 1 in Translocations
  1658 | D:2      | Reached XP level 5. HP: 28/34 MP: 1/8
  2837 | D:4      | Noticed Natasha
  2930 | D:4      | Noticed Grinder
  2942 | D:3      | Killed Natasha
  2942 | D:3      | Reached XP level 6. HP: 22/39 MP: 4/9
  2968 | D:3      | Paralysed by Grinder for 6 turns
  3281 | D:3      | Grinder
  3360 | D:4      | Reached skill level 4 in Short Blades
  3389 | D:4      | Found a shadowy altar of Dithmenos.
  3428 | D:4      | Noticed an ogre
  3541 | D:3      | You fall through a shaft for 3 floors!
  3789 | D:5      | Entered Level 5 of the Dungeon
  3789 | D:5      | Noticed a sky beast
  3852 | D:5      | Reached XP level 7. HP: 35/45 MP: 6/11
  3900 | D:5      | Reached skill level 5 in Short Blades
  4042 | D:5      | Noticed Pikel
  4372 | D:3      | Noticed Natasha
  4385 | D:3      | Killed Natasha
  4385 | D:3      | Reached skill level 1 in Bows
  4425 | D:3      | Natasha
  4444 | D:3      | Noticed Natasha
  4455 | D:3      | Killed Natasha
  4455 | D:3      | Reached XP level 8. HP: 51/51 MP: 9/13
  5686 | D:5      | Killed Pikel
  5686 | D:5      | Reached skill level 6 in Short Blades
  5686 | D:5      | Reached skill level 1 in Throwing
  5686 | D:5      | Reached skill level 1 in Stealth
  5686 | D:5      | Reached skill level 5 in Charms
  5686 | D:5      | Reached XP level 9. HP: 56/56 MP: 5/15
  5896 | D:6      | Found a shimmering altar of Xom.
  5920 | D:6      | Noticed Edmund
  5947 | D:6      | Killed Edmund
  6601 | D:6      | Reached skill level 5 in Dodging
  6738 | D:6      | HP: 1/57 [orc warrior/trident (12)]
  7072 | D:6      | Slain by an orc warrior

Skill      XL: |  1  2  3  4  5  6  7  8  9 |
---------------+----------------------------+-----
Fighting       | 2 3 |  3.2
Charms         | 4 5 |  5.8
Short Blades   | 3 4 5 6 |  6.4
Spellcasting   | 2 3 4 |  4.1
Translocations | 1 3 |  3.6
Armour         | 2 3 |  3.8
Dodging        | 3 4 5 |  5.2
Bows           | 1 |  1.0
Throwing       | 1 |  1.2
Stealth        | 1 |  1.0
Evocations     | |  0.9

Action                   |  1- 3 |  4- 6 |  7- 9 || total
-------------------------+-------+-------+-------++-------
Melee: Short sword       |   115 |   224 |   331 ||   670
       Whip              |       |       |     7 ||     7
 Fire: Shortbow          |       |       |     8 ||     8
Throw: Tomahawk          |       |    12 |     4 ||    16
 Cast: Infusion          |    12 |    14 |    22 ||    48
       Shroud of Golubri |     2 |    13 |    30 ||    45
       Song of Slaying   |     1 |     5 |     4 ||    10
Evoke: Wand              |       |     2 |     9 ||    11
  Use: Scroll            |     3 |     6 |     3 ||    12
       Potion            |     3 |     3 |     4 ||    10
  Eat: Chunk             |     2 |     7 |     9 ||    18
       Ration            |       |     1 |     1 ||     2
Armor: Leather armour    |     4 |       |       ||     4
       Ring mail         |    31 |    66 |   109 ||   206
       Skin              |       |       |     8 ||     8
Dodge: Dodged            |    63 |   130 |   216 ||   409
